 Dungeon Crawl Stone Soup version 0.24-a0-584-g9d6b971 (webtiles) character file.

Game seed: 2124441036250120519, levelgen mode: deterministic

54 thomd the Skirmisher (level 3, 0/24 HPs)
             Began as a Gargoyle Fighter on Aug 30, 2019.
             Slain by a gnoll
             ... wielding a +1 halberd of flaming
              (1 damage)
             ... on level 2 of the Dungeon.
             The game lasted 00:02:12 (1334 turns).

thomd the Skirmisher (Gargoyle Fighter)             Turns: 1334, Time: 00:02:13

Health: 0/24       AC: 10    Str: 19    XL:     3   Next: 91%
Magic:  3/3        EV:  7    Int:  9    God:
Gold:   26         SH:  9    Dex:  9    Spells: 2/2 levels left

rFire    . . .     SeeInvis .   a - +0 flail
rCold    . . .     Gourm    .   c - +0 shield
rNeg     + . .     Faith    .   b - +0 scale mail
rPois    ∞         Spirit   .   (no helmet)
rElec    +         Reflect  .   (no cloak)
rCorr    .         Harm     .   (no gloves)
MR       .....                  (no boots)
Stlth    ..........             (no amulet)
HPRegen  0.08/turn              (no ring)
MPRegen  0.08/turn              (no ring)

@: no status effects
A: negative energy resistance 1, electricity resistance, unbreathing,
petrification resistance, rot immunity, AC +3
a: no special abilities


You were on level 2 of the Dungeon.
You were hungry.

You visited 1 branch of the dungeon, and saw 2 of its levels.

You collected 26 gold pieces.

Inventory:

Hand Weapons
 a - a +0 flail (weapon)
Armour
 b - a +0 scale mail (worn)
 c - a +0 shield (worn)
Jewellery
 g - a cursed -2 ring of evasion {unknown}
 h - an uncursed ring of stealth {unknown}
Scrolls
 i - a scroll of teleportation {unknown}
Potions
 d - a potion of might
 e - 2 potions of flight {unknown}
 j - a potion of resistance {unknown}
 k - a potion of ambrosia {unknown}
Comestibles
 f - a ration


   Skills:
 + Level 4.0 Fighting
 * Level 3.5 Maces & Flails
 - Level 3.2 Armour
 - Level 3.2 Shields


You had 2 spell levels left.
You didn't know any spells.
Your spell library was empty.

Dungeon Overview and Level Annotations

Branches:
Dungeon (2/15)

Altars:


Innate Abilities, Weirdness & Mutations

You are resistant to torment.
Your stone body is resilient. (AC +3)
You are immune to poison.
You resist negative energy. (rN+)
You are resistant to electric shocks. (rElec)
You can survive without breathing.
You are immune to petrification.
You are immune to rotting.


Message History

The goblin shoots a stone.
The stone hits you but does no damage.
You see here 2 stones.
The gnoll barely misses you. The gnoll hits you but does no damage.
You barely miss the gnoll.
The gnoll hits you with a +1 halberd of flaming.
* * * LOW HITPOINT WARNING * * *
The gnoll burns you.
* * * LOW HITPOINT WARNING * * *
You are too injured to fight recklessly!
You hit the gnoll.
The gnoll is heavily wounded.
The gnoll completely misses you.
You hit the gnoll.
The gnoll is severely wounded.
You block the gnoll's attack.
The gnoll hits you with a +1 halberd of flaming.
* * * LOW HITPOINT WARNING * * *
The gnoll burns you.
You die...

#. .# #.#. ..# #).#
#.# # #)# #.#
#.###(######.#
#....(.....#.##
#...gg........
#.###g####.#.# #.#
#@# #.#.########
#.###.# #......<....
##.##..####....######
#............#......#
#..##...............#
#..##.#####.#.#####.#
#..##.# #.#.# #.#
#.)##.# #.#.# ##.# #
#..##.#####.#.#
#..#.#


You could see a gnoll, a hobgoblin and a goblin.

Vanquished Creatures
  3 gnolls (D:2)
  A dart slug (D:1)
  A leopard gecko (D:2)
  A ball python (D:1)
  A giant cockroach (D:1)
  2 goblins
  A kobold (D:2)
  9 bats
  3 frilled lizards
  6 rats
28 creatures vanquished.

Notes
Turn   | Place    | Note
-------+----------+-------------------------------------------
     0 | D:1      | thomd the Gargoyle Fighter began the quest for the Orb.
     0 | D:1      | Reached XP level 1. HP: 14/14 MP: 1/1
   353 | D:1      | Reached XP level 2. HP: 19/19 MP: 2/2
  1292 | D:2      | Reached XP level 3. HP: 24/24 MP: 3/3
  1318 | D:2      | Reached skill level 4 in Fighting
  1334 | D:2      | HP: 1/24 [gnoll/+1 halberd of flaming (1)]
  1334 | D:2      | Slain by a gnoll

Levels and vault maps discovered:
D:1:      zelgadis_glass_arrival_small, layout_loops_corners
D:2:      layout_loops_ring

Skill      XL: |  1  2  3 |
---------------+----------+-----
Maces & Flails | 3 |  3.5
Fighting       | 4 |  4.0
Armour         | |  3.2
Shields        | |  3.2

Action                   || total
-------------------------++-------
Melee: Flail             ||   118
  Eat: Chunk             ||     1
Armor: Scale mail        ||    71
Dodge: Dodged            ||    43
Block: Shield            ||    84

Table legend:
 A = Non-vault XP
 B = Vault XP
 C = Vault XP percentage of total XP
 D = Non-vault monster count
 E = Vault monster count
 F = Vault count percentage of total count
                 A         B        C        D         E       F
            +---------+---------+-------+---------+---------+-------
      Total |      78 |       0 |   0.0 |      28 |       0 |   0.0
            +---------+---------+-------+---------+---------+-------
        D:1 |      26 |       0 |   0.0 |      19 |       0 |   0.0
        D:2 |      52 |       0 |   0.0 |       9 |       0 |   0.0
            +---------+---------+-------+---------+---------+-------
